 Dungeon Crawl Stone Soup version 0.28-a0-1233-g92def6ad0a (webtiles) character file.

Game seed: 9324348617163755584

277 Garessta the Conjurer (level 6, 41/41 HPs)
             Began as a Demonspawn Conjurer on Dec 23, 2021.
             Quit the game on level 3 of the Dungeon.
             The game lasted 00:05:58 (3619 turns).

Garessta the Conjurer (Demonspawn Conjurer)         Turns: 3619, Time: 00:05:58

Health: 41/41      AC:  5    Str:  7    XL:     6   Next: 4%
Magic:  10/20      EV: 12    Int: 27    God:
Gold:   51         SH:  0    Dex: 11    Spells: 3/10 levels left

rFire   . . .      SeeInvis .   p - +0 dagger (protect)
rCold   + . .      Faith    .   (no shield)
rNeg    . . .      Spirit   .   a - +0 robe
rPois   .          Reflect  .   n - +3 hat of Pondering {ponderous, Will+ MP+10 Int+5}
rElec   .          Harm     .   (no cloak)
rCorr   .          Rampage  .   (no gloves)
Will    +....                   (no boots)
Stlth   ++........              (no amulet)
HPRegen 2.13/turn               h - ring of protection from cold
MPRegen 0.17/turn               (no ring)

@: slow
A: claws 1, powered by death 2, spiny 1
a: no special abilities


You were on level 3 of the Dungeon.
You visited 1 branch of the dungeon, and saw 3 of its levels.

You collected 160 gold pieces.
You spent 109 gold pieces at shops.

Inventory:

Hand Weapons
 d - a +0 dagger
 p - a +0 dagger of protection (weapon)
Armour
 a - a +0 robe (worn)
 n - the +3 hat of Pondering (worn) {ponderous, Will+ MP+10 Int+5}
   (You found it on level 3 of the Dungeon)

   Int:       It affects your intelligence (+5).
   MP:        It affects your magic capacity (+10).
   Will:      It increases your willpower.
Jewellery
 h - a ring of protection from cold (left claw)
Scrolls
 c - a scroll of fear {unknown}
 g - 3 scrolls of teleportation {unknown}
 i - 3 scrolls of vulnerability {unknown}
 j - a scroll of blinking {unknown}
 k - 3 scrolls of identify {unknown}
 l - 2 scrolls of immolation {unknown}
 m - a scroll of magic mapping {unknown}
Potions
 b - 2 potions of berserk rage {unknown}
 e - 3 potions of heal wounds {unknown}
 f - a potion of cancellation {unknown}
 o - 2 potions of haste {unknown}


   Skills:
 - Level 1.7 Dodging
 - Level 1.7 Stealth
 - Level 2.9 Spellcasting
 * Level 6.9 Conjurations


You had 3 spell levels left.
You knew the following spells:

 Your Spells              Type           Power      Damage    Failure   Level
a - Magic Dart            Conj           100%       1d8       1%          1
b - Searing Ray           Conj           82%        2d7       1%          2
c - Iskenderun's Mystic   Conj/Tloc      22%        2d6       22%         4

Your spell library contained the following spells:

 Spells                   Type           Power      Damage    Failure   Level
 Dazzling Flash           Conj/Hex       44%        N/A       6%          3
 Freeze                   Ice            12%        1d4       9%          1
 Frozen Ramparts          Ice            6%         1d2       26%         3
 Fulminant Prism          Conj/Hex       11%        3d9       22%         4
 Hailstorm                Conj/Ice       22%        3d7       22%         4


Dungeon Overview and Level Annotations

Branches:
Dungeon (3/15)

Altars:
Dithmenos
Sif Muna

Shops:
D:3 *


Innate Abilities, Weirdness & Mutations

You have sharp fingernails.
You regenerate health from kills.
You are partially covered in sharp spines.


Message History

The orc wizard points at you and mumbles some strange words.
The puff of flame misses you.
You feel less confused. The orc wizard casts a spell at you.
You resist with almost no effort.
Casting: Magic Dart (safe; 1% risk of failure)
Confirm with . or Enter, or press ? or * to list all spells.
Aiming: Searing Ray (safe; 1% risk of failure)
Press: ? - help, Shift-Dir - straight line, f - orc wizard
Aim: an orc wizard, wielding a +0 dagger and wearing a +0 robe (76% to hit)
The searing ray hits the orc wizard!
The orc wizard is almost dead. (Press . to maintain the ray.)
The searing ray hits the orc wizard!
You kill the orc wizard!
Casting: Searing Ray (safe; 1% risk of failure)
Confirm with . or Enter, or press ? or * to list all spells.
Restarting spell: Searing Ray (safe; 1% risk of failure)
Press: ? - help, Shift-Dir - straight line, f - orc wizard
Aim: an orc wizard, wielding a +0 dagger and wearing a +0 robe (77% to hit)
The searing ray misses the orc wizard. (Press . to maintain the ray.)
The searing ray hits the orc wizard!
The orc wizard is almost dead.
The searing ray misses the orc wizard.
The searing ray misses the orc wizard.
You finish channelling your searing ray.
Casting: Searing Ray (safe; 1% risk of failure)
Confirm with . or Enter, or press ? or * to list all spells.
Aiming: Searing Ray (safe; 1% risk of failure)
Press: ? - help, Shift-Dir - straight line, f/p - orc wizard
Aim: an orc wizard, wielding a +0 dagger and wearing a +0 robe (almost dead, 77% to hit)
The searing ray hits the orc wizard!
You kill the orc wizard! (Press . to maintain the ray.)
You have reached level 6!
You feel monstrous as your demonic heritage exerts itself.
Your demonic ancestry asserts itself...
Your fingernails lengthen.
Are you sure you want to abandon this character and quit the game? (Confirm with "yes".)

............<....................
######......(.....######.##......
#### #######......# #.##......
...# #...##.## #.##...... .#.#
#..##...## #.######## ...# ###
####.._..# #.# .#.# #.# #.8.8.#
#.# .#.###.##########'### #.#
.#.#...#......##@..# #.########
.#.#.#.#......##...# #.#......#
...#.#........##≈≈≈# #.#......#
##.#.###......##)>.# ###.#.†.....
...#..........########..........#
...###.#...............#.#......#
#......................#.#......#
#>#..).......#.........#.#.......
#.###..#...............#.#.......


There were no monsters in sight!

Vanquished Creatures
  A wyvern skeleton (D:3)
  2 orc wizards (D:3)
  Robin (D:3)
  3 gnolls (D:3)
  4 adders
  A worm (D:2)
  2 dart slugs
  7 bats
  7 endoplasms
  4 giant cockroaches
  20 goblins
  14 hobgoblins
  2 quokkas (D:2)
  9 ball pythons
  A frilled lizard (D:3)
  5 kobolds (D:1)
  6 rats
89 creatures vanquished.

Vanquished Creatures (others)
  6 plants (D:3)
6 creatures vanquished.

Grand Total: 95 creatures vanquished

Notes
Turn   | Place    | Note
-------+----------+-------------------------------------------
     0 | D:1      | Garessta the Demonspawn Conjurer began the quest for the
                  | Orb.
     0 | D:1      | Reached XP level 1. HP: 13/13 MP: 3/3
   372 | D:1      | Gained mutation: You regenerate a little health from kills.
                  | [demonic ancestry]
   372 | D:1      | Reached XP level 2. HP: 19/19 MP: 0/5
  1124 | D:1      | Learned a level 2 spell: Searing Ray
  1162 | D:1      | Gained mutation: You are partially covered in sharp spines.
                  | [demonic ancestry]
  1162 | D:1      | Reached XP level 3. HP: 24/24 MP: 4/6
  1822 | D:2      | Reached skill level 5 in Conjurations
  1982 | D:2      | Reached XP level 4. HP: 30/30 MP: 5/8
  2401 | D:2      | Found a faded altar of an unknown god.
  2465 | D:3      | Noticed Robin
  2465 | D:3      | Found Judeunki's Assorted Antiques.
  2499 | D:2      | Learned a level 4 spell: Iskenderun's Mystic Blast
  2841 | D:3      | Gained mutation: You regenerate health from kills. [demonic
                  | ancestry]
  2841 | D:3      | Reached XP level 5. HP: 35/35 MP: 1/9
  2991 | D:3      | Found the +3 hat of Pondering {ponderous, Will+ MP+10
                  | Int+5}
  3100 | D:3      | Found a shadowy altar of Dithmenos.
  3120 | D:3      | Bought an amethyst potion for 21 gold pieces
  3120 | D:3      | Bought an amethyst potion for 21 gold pieces
  3120 | D:3      | Bought a scroll labelled FINLIO DAOKHLER for 24 gold pieces
  3120 | D:3      | Bought 2 blue potions for 43 gold pieces
  3182 | D:3      | Killed Robin
  3183 | D:3      | Reached skill level 6 in Conjurations
  3559 | D:3      | Found a shimmering blue altar of Sif Muna.
  3619 | D:3      | Discovered your monstrous ancestry.
  3619 | D:3      | Gained mutation: You have sharp fingernails. [demonic
                  | ancestry]
  3619 | D:3      | Reached XP level 6. HP: 41/41 MP: 10/10
  3619 | D:3      | Quit the game

Illustrated notes

Levels and vault maps discovered:
D:1:      eino_arrival_cavern_b, layout_loops_corners
D:2:      cheibrodos_greedy_goblins, layout_rooms,
          dreamdust_ecumenical_altar_angels_and_demons,
          kennysheep_generic_room_8
D:3:      cheibrodos_old_hovel, layout_basic, led_sif_book,
          nicolae_dithmenos_the_darkroom, serial_shops, shop, minmay_checkerbox,
          uniq_robin

Skill      XL: |  1  2  3  4  5 |
---------------+----------------+-----
Conjurations   | 5 6 |  6.9
Dodging        | |  1.7
Stealth        | |  1.7
Spellcasting   | |  2.9

Action                   |  1- 3 |  4- 6 || total
-------------------------+-------+-------++-------
Melee: Dagger            |     9 |    15 ||    24
 Cast: Magic Dart        |    77 |    33 ||   110
       Searing Ray       |       |    19 ||    19
Armor: Robe              |       |     6 ||     6
Dodge: Dodged            |     5 |    12 ||    17

Table legend: (Time is in decaauts)
 A = Elapsed time spent in this place.
 B = Non-inter-level travel time spent in this place.
 C = Inter-level travel time spent in this place.
 D = Time resting spent in this place.
 E = Time spent auto-exploring this place.
 F = Levels seen in this place.
 G = Mean time per level.
                   A        B        C        D        E       F      G
               +--------+--------+--------+--------+--------+-----+--------+
         Total |   3649 |   3532 |    117 |     42 |   3131 |   3 | 1216.3 |
       Dungeon |   3649 |   3532 |    117 |     42 |   3131 |   3 | 1216.3 |
               +--------+--------+--------+--------+--------+-----+--------+

Top non-repeatable levels by time:
     D:1: 1500 daAuts
     D:3: 1150 daAuts
     D:2: 998 daAuts
